 Dungeon Crawl Stone Soup version 0.19.5 (webtiles) character file.

20 equalderp2856 the Caller (level 2, 0/11 HPs)
             Began as a Felid Summoner on Mar 31, 2017.
             Slain by an ooze (4 damage)
             ... on level 1 of the Dungeon.
             The game lasted 00:01:07 (668 turns).

equalderp2856 the Caller (Felid Summoner)            Turns: 668, Time: 00:01:08

Health: 0/11       AC:  1    Str:  4    XL:     2   Next: 58%
Magic:  6/6        EV: 19    Int: 16    God:
Gold:   24         SH:  0    Dex: 16    Spells: 1 memorised, 4 levels left
                                        Lives:  0   Deaths: 0

rFire  . . .     SeeInvis +     (weapon unavailable)
rCold  . . .     Gourm    .     (armour unavailable)
rNeg   . . .     Faith    .     (shield unavailable)
rPois  .         Spirit   .     (helmet unavailable)
rElec  .         Reflect  .     (cloak unavailable)
rCorr  .         Harm     .     (gloves unavailable)
MR     .....                    (boots unavailable)
Stlth  +++.......               (no amulet)
                                (no ring)
                                (no ring)

@: quick
A: no armour, no weapons or thrown items, stealth, claws 1, fangs 3, see
invisible, carnivore 3, speed 1, shaggy fur 1, slow metabolism 1, sharp paws
a: no special abilities


You were on level 1 of the Dungeon.
You were not hungry.

You visited 1 branch of the dungeon, and saw 1 of its levels.

You collected 24 gold pieces.

Inventory:

Scrolls
 c - a scroll of random uselessness {unknown}
 d - 2 scrolls of recharging {unknown}
 e - a scroll of enchant weapon {unknown}
 g - a scroll of identify {unknown}
 h - a scroll of blinking {unknown}
 j - 2 scrolls of teleportation {unknown}
Potions
 f - a potion of cure mutation {unknown}
 k - a potion of heal wounds {unknown}
 l - a potion of flight {unknown}
Books
 a - a book of Callings

   Spells                             Type                      Level
   a - Summon Small Mammal            Summoning                    1
   b - Call Imp                       Summoning                    2
   c - Call Canine Familiar           Summoning                    3
   d - Summon Guardian Golem          Hexes/Summoning              3
   e - Summon Lightning Spire         Summoning/Air                4
   f - Summon Ice Beast               Ice/Summoning                4
Comestibles
 b - 2 meat rations
 i - a royal jelly


   Skills:
 + Level 3.4 Dodging
 + Level 2.9 Stealth
 + Level 2.0 Spellcasting
 + Level 4.4 Summonings


You had 4 spell levels left.
You knew the following spells:

 Your Spells              Type           Power        Failure   Level  Hunger
a - Summon Small Mammal   Summ           ###.         4%          1    #......


Dungeon Overview and Level Annotations

Branches:
Dungeon (1/15)

Altars:


Innate Abilities, Weirdness & Mutations

You cannot wear armour.
You are incapable of wielding weapons or throwing items.
Your paws allow you to move quietly. (Stealth)
You have sharp claws.
You have razor-sharp teeth.
You have supernaturally acute eyesight. (SInv)
You are carnivorous and can eat meat at any time.
You cover ground quickly.
You are covered in fur. (AC +1)
You have a slow metabolism.
Your sharp claws are effective at attacking unaware monsters.


Message History

The ooze misses you. The ooze hits you. The ooze misses you.
You scratch the ooze but do no damage. The ooze hits you.
You scratch the ooze.
The ooze is moderately wounded.
The ooze misses you.
You scratch the ooze.
The ooze is heavily wounded.
The ooze barely misses you.
You scratch the ooze.
The ooze is severely wounded.
The ooze hits you.
You scratch the ooze.
The ooze is severely wounded.
The ooze closely misses you.
You scratch the ooze.
The ooze is severely wounded.
The ooze hits you.
You die...

##.#.#.#.#
#........#
##.#.#.#.#
#........#
##.#.#.#.#
#........#
##.#.#.#.#
#........#
##@#.#.#.#
#.J...[.(#
##.#.#.#.#
#..?.....#
##)#.#.#.#
...>....#
##.#.#.#.#
........#
#.# #.###


You could see an ooze.

Vanquished Creatures
  A dart slug (D:1)
  4 bats (D:1)
  A giant cockroach (D:1)
  2 goblins (D:1)
  3 hobgoblins (D:1)
  2 kobolds (D:1)
  2 frilled lizards (D:1)
15 creatures vanquished.

Notes
Turn   | Place    | Note
-------+----------+-------------------------------------------
     0 | D:1      | equalderp2856 the Felid Summoner began the quest for the Orb.
     0 | D:1      | Reached XP level 1. HP: 7/7 MP: 4/4
   123 | D:1      | Reached XP level 2. HP: 9/11 MP: 6/6
   668 | D:1      | Slain by an ooze

Skill      XL: |  1  2 |
---------------+-------+-----
Dodging        | 3 |  3.4
Stealth        | |  2.9
Spellcasting   | |  2.0
Summonings     | |  4.4

Action                   || total
-------------------------++-------
Melee: Unarmed           ||    80
       Bite              ||    10
 Stab: Sleeping          ||     4
  Eat: Chunk             ||     1
Armor: Skin              ||    11
Dodge: Dodged            ||    87
